 Dungeon Crawl Stone Soup version 0.29-a0-1043-g569b05d6ff (webtiles) character file.

Game seed: 9436047944931531968

37 siradein the Shooter (level 3, -2/28 HPs)
             Began as a Formicid Hunter on Aug 15, 2022.
             Slain by Sigmund
             ... wielding a +0 scythe
              (7 damage)
             ... on level 2 of the Dungeon.
             The game lasted 00:01:20 (1221 turns).

siradein the Shooter (Formicid Hunter)              Turns: 1221, Time: 00:01:21

Health: -2/28      AC:  6    Str: 15    XL:     3   Next: 60%
Magic:  3/3        EV: 11    Int: 14    God:
Gold:   44         SH:  0    Dex: 19    Spells: 2/2 levels left

rFire   . . .      SeeInvis +   a - +0 shortbow
rCold   . . .      Faith    .   (no shield)
rNeg    . . .      Spirit   .   h - +0 ring mail
rPois   .          Reflect  .   (helmet unavailable)
rElec   .          Harm     .   (no cloak)
rCorr   .          Rampage  .   i - +0 pair of gloves
Will    .....                   (no boots)
Stlth   ++........              (no amulet)
HPRegen 0.09/turn               d - +6 ring of intelligence
MPRegen 0.08/turn               (no ring)

@: no status effects
A: permanent stasis, dig shafts and tunnels, antennae 3, four strong arms
a: Dig, Shaft Self


You were on level 2 of the Dungeon.
You visited 1 branch of the dungeon, and saw 2 of its levels.

You collected 44 gold pieces.

Inventory:

Hand Weapons
 a - a +0 shortbow (weapon)
Armour
 h - a +0 ring mail (worn)
 i - a +0 pair of gloves (worn)
Jewellery
 d - a +6 ring of intelligence (left hand)
Scrolls
 b - 2 scrolls of immolation
 c - a scroll of enchant armour {unknown}
 e - a scroll of butterflies {unknown}
 g - a scroll of enchant weapon {unknown}
Potions
 f - 2 potions of cancellation {unknown}


   Skills:
 - Level 2.6 Fighting
 + Level 4.5 Ranged Weapons
 - Level 2.1 Dodging
 - Level 2.0 Stealth


You had 2 spell levels left.
You didn't know any spells.
Your spell library contained the following spells:

 Spells                   Type           Power      Damage    Failure   Level
 Apportation              Tloc           0%         N/A       50%         1
 Necrotise                Necr           0%         1d4       50%         1
 Summon Small Mammal      Summ           0%         N/A       50%         1


Dungeon Overview and Level Annotations

Branches:
Dungeon (2/15)

Altars:

Shops:
D:1 [

Annotations:
D:2 Sigmund


Innate Abilities, Weirdness & Mutations

You cannot be hasted, slowed, berserked, paralysed or teleported.
You can dig through walls and to a lower floor.
You have a pair of large antennae on your head. (SInv)
Your four strong arms can wield two-handed weapons with a shield.


Message History

Sigmund hits you but does no damage.
You shoot an arrow. The arrow hits Sigmund.
Sigmund is heavily wounded.
Sigmund casts a spell at you.
You are confused.
You are too confused!
You are too confused!
You are too confused!
You are too confused!
You are too confused!
Unknown command.
Sigmund hits you with a +0 scythe.
You closely miss the hobgoblin. Sigmund closely misses you.
The hobgoblin hits you but does no damage.
You bump into the rock wall.
The hobgoblin barely misses you.
Sigmund hits you from afar with a +0 scythe!
* * * LOW HITPOINT WARNING * * *
You bump into the rock wall.
The hobgoblin closely misses you.
Sigmund casts a spell.
Sigmund flickers and vanishes for a moment.
You feel less confused.
Sigmund breathes a few words.
Sigmund's hands start flickering wildly.
The hobgoblin hits you but does no damage.
Sigmund barely misses you. The hobgoblin attacks as you move away!
The hobgoblin closely misses you. The hobgoblin attacks as you move away!
The hobgoblin barely misses you. The hobgoblin barely misses you.
The hobgoblin attacks as you move away!
The hobgoblin hits you but does no damage.
Sigmund hits you from afar with a +0 scythe.
* * * LOW HITPOINT WARNING * * *
Sigmund points at you and mumbles some strange words.
The magic dart hits you but does no damage.
The hobgoblin hits you but does no damage.
The hobgoblin attacks as you move away! The hobgoblin barely misses you.
Sigmund laughs darkly.
The hobgoblin hits you but does no damage.
Sigmund hits you from afar with a +0 scythe!
You die...

..........######..##......#
..........# #..##......#
..........# ##.######.##
..........# #>###
#.######## ..........#
#...# #.#......#
..........# #...#
#.#......# ..........# #...
#.#......#
.........########.##
#.†......# ######+###
#....@..#####........#
#...g................# #
#...@................# #.
#.......†.........#### #..
+.......#.........# ....
#.......#...####### .....
#.......#...#
......####.#######...#
....)......# #...#


You could see Sigmund (invisible) and a hobgoblin.

Vanquished Creatures
  An adder (D:2)
  2 endoplasms
  3 goblins
  3 hobgoblins
  6 jackals (D:1)
  A quokka (D:2)
  3 bats (D:1)
  4 kobolds
  A rat (D:1)
24 creatures vanquished.

Notes
Turn   | Place    | Note
-------+----------+-------------------------------------------
     0 | D:1      | siradein the Formicid Hunter began the quest for the Orb.
     0 | D:1      | Reached XP level 1. HP: 16/16 MP: 1/1
    53 | D:1      | Found a faded altar of an unknown god.
   149 | D:1      | Reached XP level 2. HP: 23/23 MP: 2/2
   401 | D:1      | Found Qutiotic's Antique Armour Emporium.
   601 | D:1      | Reached XP level 3. HP: 23/28 MP: 3/3
  1194 | D:2      | Noticed Sigmund
  1221 | D:2      | Slain by Sigmund

Illustrated notes

Levels and vault maps discovered:
D:1:      wander_arrival_peaceful_grave, layout_loops_corners, serial_shops,
          nicolae_shop_competitors_out_of_business,
          hellmonk_ecumenical_altar_run_dry
D:2:      layout_basic, uniq_robin, uniq_sigmund

Skill      XL: |  1  2 |
---------------+-------+-----
Dodging        | 2 |  2.1
Stealth        | 2 |  2.0
Fighting       | |  2.6
Ranged Weapons | |  4.5

Action                   || total
-------------------------++-------
Melee: Shortbow          ||     1
 Fire: Shortbow          ||    73
Armor: Leather armour    ||     7
       Ring mail         ||     9
Dodge: Dodged            ||    38

Table legend: (Time is in decaauts)
 A = Elapsed time spent in this place.
 B = Non-inter-level travel time spent in this place.
 C = Inter-level travel time spent in this place.
 D = Time resting spent in this place.
 E = Time spent auto-exploring this place.
 F = Levels seen in this place.
 G = Mean time per level.
                   A        B        C        D        E       F      G
               +--------+--------+--------+--------+--------+-----+--------+
         Total |   1246 |   1157 |     89 |      0 |    972 |   2 |  623.0 |
       Dungeon |   1246 |   1157 |     89 |      0 |    972 |   2 |  623.0 |
               +--------+--------+--------+--------+--------+-----+--------+

Top non-repeatable levels by time:
     D:1: 980 daAuts
     D:2: 265 daAuts
